 Dungeon Crawl Stone Soup version 0.24-a0-243-g8f5f5cd (webtiles) character file.

Game seed: 1958966064313656915

8 Hylith the Skirmisher (level 2, 24/24 HPs)
             Began as a Demonspawn Fighter on Apr 9, 2019.
             Quit the game on level 1 of the Dungeon.
             The game lasted 00:00:55 (168 turns).

Hylith the Skirmisher (Demonspawn Fighter)           Turns: 168, Time: 00:00:56

Health: 24/24      AC:  3    Str: 16    XL:     2   Next: 0%
Magic:  2/2        EV:  8    Int:  9    God:
Gold:   51         SH:  8    Dex: 12    Spells: 1/1 levels left

rFire    . . .     SeeInvis .   a - +0 flail
rCold    + . .     Gourm    .   c - +0 shield
rNeg     . . .     Faith    .   i - +0 leather armour (curse)
rPois    .         Spirit   .   (no helmet)
rElec    .         Reflect  .   (no cloak)
rCorr    .         Harm     .   (no gloves)
MR       .....                  (no boots)
Stlth    +.........             (no amulet)
HPRegen  0.08/turn              (no ring)
MPRegen  0.08/turn              (no ring)

@: no status effects
A: cold resistance 1
a: no special abilities


You were on level 1 of the Dungeon.
You were not hungry.

You visited 1 branch of the dungeon, and saw 1 of its levels.

You collected 51 gold pieces.

Inventory:

Hand Weapons
 a - a +0 flail (weapon)
Armour
 b - a +0 scale mail
 c - a +0 shield (worn)
 i - a cursed +0 leather armour (worn)
Scrolls
 e - a scroll of fog {unknown}
 g - a scroll of enchant weapon {unknown}
 h - 2 scrolls of remove curse {unknown}
Potions
 d - 2 potions of might
 j - a potion of degeneration {unknown}
Comestibles
 f - a ration
 k - a chunk of flesh


   Skills:
 - Level 3.0 Fighting
 * Level 2.0 Maces & Flails
 + Level 2.8 Armour
 * Level 2.9 Shields


You had one spell level left.
You didn't know any spells.
Your spell library was empty.

Dungeon Overview and Level Annotations

Branches:
Dungeon (1/15)

Altars:


Innate Abilities, Weirdness & Mutations

Your flesh is cold resistant. (rC+)


Message History

No target in view!
No target in view!
No target in view!
No target in view!
No target in view!
A rat comes into view.
You barely miss the rat. The rat barely misses you.
You barely miss the rat. You block the rat's attack.
You sock the rat!
You kill the rat!
You have reached level 2!
Your demonic ancestry asserts itself...
You feel resistant to cold.
There is a fountain of blood here.
You see here a rat corpse.
You butcher the rat corpse.
k - a chunk of flesh
There is a fountain of blood here.
You see here a rat skeleton.
Are you sure you want to abandon this character and quit the game? (Confirm with "yes".)

################## #########
#..................#......#.
#.............#...#....#....
#...###....@..[##...###...##
#..## ##.......[.#. .#......
#..## ##...........#...#...#
#...###...####....##.##..#).
###........## #.........#...
#......⌠...# #.....##.....)
#.#........## ##....#..#...#.
#.#...###...####...#...##..#..
####.#..##
##........#...#...#..#


There were no monsters in sight!

Vanquished Creatures
  A dart slug (D:1)
  2 hobgoblins (D:1)
  2 kobolds (D:1)
  2 rats (D:1)
7 creatures vanquished.

Notes
Turn   | Place    | Note
-------+----------+-------------------------------------------
     0 | D:1      | Hylith the Demonspawn Fighter began the quest for the Orb.
     0 | D:1      | Reached XP level 1. HP: 18/18 MP: 1/1
   164 | D:1      | Gained mutation: Your flesh is cold resistant. (rC+)
                  | [demonic ancestry]
   164 | D:1      | Reached XP level 2. HP: 24/24 MP: 2/2
   168 | D:1      | Quit the game

Levels and vault maps discovered:
D:1:      erik_arrival_cave_to_civilisation [erik_arrival_cave_to_hall],
          layout_rooms, minmay_misc_feat_chi, bh_walls_and_bars

Skill      XL: |  1 |
---------------+----+-----
Maces & Flails | 2 |  2.0
Fighting       | |  3.0
Armour         | |  2.8
Shields        | |  2.9

Action                   || total
-------------------------++-------
Melee: Flail             ||    18
Armor: Scale mail        ||     5
Dodge: Dodged            ||     3
Block: Shield            ||     7

Table legend:
 A = Non-vault XP
 B = Vault XP
 C = Vault XP percentage of total XP
 D = Non-vault monster count
 E = Vault monster count
 F = Vault count percentage of total count
                 A         B        C        D         E       F
            +---------+---------+-------+---------+---------+-------
      Total |      12 |       0 |   0.0 |       7 |       0 |   0.0
            +---------+---------+-------+---------+---------+-------
        D:1 |      12 |       0 |   0.0 |       7 |       0 |   0.0
            +---------+---------+-------+---------+---------+-------
